 Dungeon Crawl Stone Soup version 0.17.1-2-g5865329 (webtiles) character file.

7485 Glider the Cleaver (level 10, -2/78 HPs)
             Began as a Minotaur Fighter on Jan 14, 2016.
             Was a Believer of Qazlal.
             Slain by a gargoyle
             ... wielding a +0 mace
              (14 damage)
             ... on level 11 of the Dungeon on Jan 15, 2016.
             The game lasted 00:31:08 (9038 turns).

Glider the Cleaver (Minotaur Fighter)               Turns: 9038, Time: 00:31:08

Health: -2/78      AC: 12    Str: 25    XL:     10   Next: 94%
Magic:  14/14      EV: 15    Int:  5    God:    Qazlal [**....]
Gold:   391        SH:  9    Dex: 14    Spells: 0 memorised, 9 levels left

rFire  . . .     SeeInvis .     p - +0 hand axe (venom)
rCold  . . .     Clarity  .     b - +0 scale mail
rNeg   + . .     SustAt   .     T - +0 buckler
rPois  .         Gourm    .     f - +2 hat
rElec  .         Spirit   .     l - +0 cloak
rCorr  .         Warding  .     i - +0 pair of gloves
rMut   .         Stasis   .     U - +0 pair of boots
MR     .....                    (no amulet)
Stlth  ..........               (no ring)
                                P - ring of positive energy

@: mighty, not resistant to hostile enchantments, extremely unstealthy
A: retaliatory headbutt, horns 2
a: Upheaval, Renounce Religion


You were on level 11 of the Dungeon.
You worshipped Qazlal.
Qazlal was pleased with you.
You were hungry.

You visited 1 branch of the dungeon, and saw 11 of its levels.

You collected 517 gold pieces.
You spent 126 gold pieces at shops.

Inventory:

Hand Weapons
 p - a +0 hand axe of venom (weapon)
 E - a +1 flail of protection
 X - a +0 trident of venom
Armour
 b - a +0 scale mail (worn)
 c - a +0 shield
 f - a +2 hat (worn)
 i - a +0 pair of gloves (worn)
 l - a +0 cloak (worn)
 T - a +0 buckler (worn)
 U - a +0 pair of boots (worn)
Magical Staves
 O - an uncursed staff of fire
Jewellery
 y - an uncursed ring of teleportation
 H - an uncursed amulet of guardian spirit
 P - a ring of positive energy (left hand)
Wands
 k - a wand of lightning (13)
 F - a wand of slowing (24)
 G - a wand of polymorph (12)
 I - a wand of confusion (14)
 L - a wand of random effects (22)
 S - a wand of polymorph (14)
 V - a wand of paralysis (15)
Scrolls
 h - 6 scrolls of teleportation
 j - 2 scrolls of fog {unknown}
 n - 4 scrolls of remove curse
 o - 7 scrolls of enchant weapon
 q - 3 scrolls of recharging
 t - a scroll of blinking {unknown}
 v - a scroll of fear {unknown}
 z - 2 scrolls of amnesia {unknown}
 B - a scroll of noise {unknown}
 D - a scroll of immolation {unknown}
 K - a scroll of random uselessness {unknown}
Potions
 d - a potion of might
 g - 2 potions of degeneration {unknown}
 m - 4 potions of magic
 s - a potion of curing
 u - 2 potions of ambrosia
 w - a potion of cure mutation
 A - a potion of haste
 C - 5 potions of brilliance
 M - 2 potions of resistance
 R - 2 potions of agility
Books
 J - a book of Air

   Spells                             Type                      Level
   a - Shock                          Conjuration/Air              1
   b - Swiftness                      Charms/Air                   2
   c - Repel Missiles                 Charms/Air                   2
   d - Static Discharge               Conjuration/Air              3
   e - Lightning Bolt                 Conjuration/Air              5
 N - a book of Frost

   Spells                             Type                      Level
   a - Freeze                         Ice                          1
   b - Throw Frost                    Conjuration/Ice              2
   c - Ozocubu's Armour               Charms/Ice                   3
   d - Throw Icicle                   Conjuration/Ice              4
   e - Summon Ice Beast               Ice/Summoning                4
   f - Condensation Shield            Ice                          4
Comestibles
 e - 5 bread rations
 r - 3 meat rations
 x - 4 fruits
 Q - a royal jelly


   Skills:
 - Level 4.0 Fighting
 - Level 14.1(14.2) Axes
 - Level 2.8(9.9) Maces & Flails
 - Level 4.0 Armour
 * Level 8.8 Dodging
 - Level 5.3 Shields
 * Level 6.8 Invocations


You had 9 spell levels left.
You didn't know any spells.

Dungeon Overview and Level Annotations

Branches:
Dungeon (11/15)              Lair (0/8) D:8
 Temple: D:4-7          Orc: D:9-12

Altars:
Ashenzari
Cheibriados
Dithmenos
Elyvilon
Nemelex Xobeh
Qazlal
Ru
Xom

Shops:
D:4 ?

Annotations:
D:9 Erica, Joseph


Innate Abilities, Weirdness & Mutations

You reflexively headbutt those who attack you in melee.
You have a pair of horns on your head.


Message History

You hear a bark!
You hit the gargoyle but do no damage.
You headbutt the gargoyle, but do no damage.
The gargoyle is heavily damaged.
The gargoyle hits you with a mace!!
* * * LOW HITPOINT WARNING * * *
You hear a bark!
You hit the gargoyle but do no damage.
The gargoyle is heavily damaged.
A jackal comes into view.
You barely miss the gargoyle.
The gargoyle is heavily damaged.
The gargoyle hits you with a mace.
* * * LOW HITPOINT WARNING * * *
You hear a bark! x3
You see here a scroll labeled KADWAM JIMIF.
Drink which item? (? for menu, Esc to quit)
You feel very mighty all of a sudden. The gargoyle hits you with a mace!
You die...

#.. #. .. .. #..
#.# .# ... #.. #$#
.# ....
###..###.#####
.##.... ....
........ ..... #..
#..... J..
###..###h.######.#
#....(.....†.h9@.#
#.#..##(..########
#.. #.<.#
#.......#
#.......#
#...##..# .....
...# ##### ####


You could see a gargoyle, a jelly and 2 jackals.

Vanquished Creatures
  Erolcha (D:9)
  A fire drake (D:8)
  A troll (D:10)
  A two-headed ogre (D:10)
  A wyvern (D:11)
  6 yaks (D:9)
  Menkaure (D:5)
  2 water moccasins
  An orc warrior (D:7)
  2 ice beasts
  7 ogres
  2 black bears
  3 phantoms
  2 sky beasts
  A big kobold (D:7)
  7 centaurs
  The ghost of SirMumm the Magician, an amateur DEWz (D:3)
  A gnoll sergeant (D:9)
  A crocodile (D:9)
  5 giant frogs
  A wyvern skeleton (D:6)
  A scorpion (D:8)
  2 jellies (D:7)
  3 killer bees (D:8)
  3 wights (D:9)
  A quasit (D:10)
  2 hounds
  3 orc wizards
  2 centaur skeletons
  3 giant frog zombies
  An iron imp (D:4)
  A gnoll shaman (D:3)
  An orc priest (D:4)
  5 crimson imps
  A giant frog skeleton (D:5)
  9 worker ants
  An iguana (D:8)
  2 hound zombies
  12 gnolls
  10 adders
  A shadow imp (D:8)
  2 oozes
  2 adder zombies (D:9)
  2 worms
  3 giant geckos
  23 orcs
  5 bats
  4 giant cockroaches
  10 hobgoblins
  17 jackals
  3 quokkas
  2 giant gecko skeletons
  2 giant newts
  3 goblins
  A jackal skeleton (D:5)
  8 kobolds
  4 rats
203 creatures vanquished.

Vanquished Creatures (collateral kills)
  A hill giant (D:10)
  A wyvern zombie (D:10)
2 creatures vanquished.

Grand Total: 205 creatures vanquished

Notes
Turn   | Place    | Note
--------------------------------------------------------------
     0 | D:1      | Glider the Minotaur Fighter began the quest for the Orb.
     0 | D:1      | Reached XP level 1. HP: 19/19 MP: 0/0
   586 | D:1      | Reached skill level 4 in Armour
   586 | D:1      | Reached XP level 2. HP: 25/27 MP: 1/1
  1066 | D:2      | Reached XP level 3. HP: 31/33 MP: 2/2
  1251 | D:2      | Reached skill level 1 in Axes
  1508 | D:3      | Reached XP level 4. HP: 35/40 MP: 3/3
  1597 | D:3      | Found a stormy altar of Qazlal.
  1611 | D:3      | Became a worshipper of Qazlal Stormbringer
  1666 | D:3      | Reached skill level 5 in Shields
  1704 | D:3      | Noticed SirMumm's ghost (amateur DEWz)
  1713 | D:3      | Killed SirMumm's ghost
  1713 | D:3      | Reached XP level 5. HP: 46/46 MP: 4/4
  2137 | D:3      | Reached skill level 5 in Axes
  2141 | D:3      | Reached XP level 6. HP: 52/52 MP: 5/5
  2146 | D:3      | Reached * piety under Qazlal
  2455 | D:4      | Found a shadowy altar of Dithmenos.
  2524 | D:4      | Reached skill level 6 in Axes
  2725 | D:4      | Found a snail-covered altar of Cheibriados.
  2784 | D:4      | Reached skill level 7 in Axes
  2784 | D:4      | Reached XP level 7. HP: 59/59 MP: 6/6
  2870 | D:4      | Found Emeem's Magic Scroll Emporium.
  2873 | D:4      | Bought a scroll of enchant weapon for 90 gold pieces
  2873 | D:4      | Bought a scroll of teleportation for 36 gold pieces
  3034 | D:5      | Entered Level 5 of the Dungeon
  3084 | D:5      | Found a shattered altar of Ashenzari.
  3133 | D:5      | Reached skill level 8 in Axes
  3173 | D:5      | Reached ** piety under Qazlal
  3337 | D:5      | Reached skill level 9 in Axes
  3433 | D:5      | Noticed Menkaure
  3442 | D:5      | Killed Menkaure
  3791 | D:5      | Reached XP level 8. HP: 66/66 MP: 7/7
  3942 | D:6      | Reached skill level 10 in Axes
  4204 | D:6      | Found a sparkling altar of Nemelex Xobeh.
  4307 | D:6      | Reached skill level 11 in Axes
  5195 | D:7      | Reached skill level 12 in Axes
  5699 | D:7      | Reached XP level 9. HP: 67/71 MP: 8/8
  5921 | D:7      | Reached skill level 13 in Axes
  6576 | D:8      | Noticed a fire drake
  6591 | D:8      | Killed a fire drake
  6591 | D:8      | Reached skill level 14 in Axes
  6606 | D:8      | Found a staircase to the Lair.
  6624 | D:8      | Reached skill level 1 in Dodging
  6624 | D:8      | Reached skill level 1 in Invocations
  6630 | D:8      | Reached *** piety under Qazlal
  7048 | D:8      | Found a shimmering altar of Xom.
  7048 | D:8      | Found a white marble altar of Elyvilon.
  7464 | D:9      | Noticed Erolcha
  7513 | D:9      | Reached XP level 10. HP: 73/78 MP: 11/11
  7647 | D:9      | Reached skill level 5 in Dodging
  7665 | D:9      | Found a sacrificial altar of Ru.
  7715 | D:9      | Noticed Erica
  7729 | D:9      | Noticed Joseph
  8044 | D:9      | Killed Erolcha
  8044 | D:9      | Reached skill level 5 in Invocations
  8614 | D:10     | Entered Level 10 of the Dungeon
  8614 | D:10     | Noticed a hill giant
  8626 | D:10     | Killed a hill giant
  8991 | D:10     | Noticed a five-headed hydra
  9038 | D:11     | Slain by a gargoyle

Action                   |  1- 3 |  4- 6 |  7- 9 | 10-12 || total
-------------------------+-------+-------+-------+-------++-------
Melee: Flail             |    45 |       |       |       ||    45
       Hand axe          |    31 |   106 |   353 |   220 ||   710
Invok: Upheaval          |       |       |       |     4 ||     4
       Elemental Force   |       |       |       |     1 ||     1
  Use: Scroll            |       |       |    12 |     3 ||    15
       Potion            |       |       |       |     2 ||     2
  Eat: Chunk             |     2 |     4 |    12 |     5 ||    23
       Fruit             |       |       |     1 |       ||     1
       Pizza             |       |       |     1 |       ||     1
